 Dungeon Crawl Stone Soup version 0.31-a0-1589-g8f5e8aebd6 (webtiles) character file.

Game seed: 7536151267250047817

165 Flugslaktarn the Apothecary (level 5, -16/31 HPs)
             Began as an Octopode Alchemist on Jan 6, 2024.
             Demolished by a sleepcap (21 damage)
             ... on level 4 of the Dungeon.
             The game lasted 00:01:36 (784 turns).

Flugslaktarn the Apothecary (Octopode Alchemist)     Turns: 784, Time: 00:01:37

Health: -16/31     AC:  1    Str:  7    XL:     5   Next: 46%
Magic:  8/9        EV:  2    Int: 20    God:
Gold:   101        SH:  0    Dex: 12    Spells: 1/10 levels left

rFire   . . .        d - +0 short sword
rCold   . . .        (no shield)
rNeg    . . .        (helmet restricted)
rPois   .            g - amulet of the acrobat
rElec   .            (no ring)
rCorr   .            (no ring)
SInv    .            (no ring)
Will    .....        (no ring)
Stlth   +++          (no ring)
HPRegen 0.25/turn    (no ring)
MPRegen 0.11/turn    (no ring)
                     (no ring)

%: acrobat
@: sleeping, hasted
A: almost no armour, amphibious, 8 rings, camouflage 1, gelatinous body 1,
(nimble swimmer 1), tentacles
a: no special abilities


You were on level 4 of the Dungeon.
You visited 1 branch of the dungeon, and saw 4 of its levels.

You collected 101 gold pieces.

Inventory:

Hand Weapons
 d - a +0 short sword (weapon)
   (You found it on level 1 of the Dungeon)
Jewellery
 g - an amulet of the acrobat (around mantle)
   (You found it on level 2 of the Dungeon)
Wands
 f - a wand of flame (22)
   (You found it on level 2 of the Dungeon)
Scrolls
 b - a scroll of vulnerability
 r - a scroll of identify
Potions
 a - a potion of magic
 c - a potion of enlightenment


   Skills:
 - Level 2.0 Dodging
 - Level 2.6 Stealth
 + Level 3.3 Spellcasting
 - Level 1.0 Conjurations
 * Level 5.7 Alchemy


You had one spell level left.
You knew the following spells:

 Your Spells              Type           Power      Damage    Failure   Level
a - Sting                 Conj/Alch      64%        1d7       3%          1
b - Olgreb's Toxic Radia  Alch           26%        N/A       13%         4
c - Sticky Flame          Fire/Alch      14%        2d5       38%         4

Your spell library contained the following spells:

 Spells                   Type           Power      Damage    Failure   Level
 Apportation              Tloc           6%         N/A       14%         1
 Necrotise                Necr           12%        1d4       14%         1
 Summon Small Mammal      Summ           12%        N/A       14%         1
 Mercury Vapours          Alch/Air       28%        N/A       6%          2
 Mephitic Cloud           Conj/Alch/Air  12%        N/A       17%         3


Dungeon Overview and Level Annotations

Branches:
Dungeon (4/15)
 Temple: D:4-7

Altars:

Shops:
D:2 (


Innate Abilities, Weirdness & Mutations

You cannot wear most types of armour.
You are amphibious.
You can wear up to eight rings at the same time.
Your skin changes colour to match your surroundings (Stealth+).
Your rubbery body absorbs attacks. (AC +1, EV +1)
((You are camouflaged when in or above water. (Stealth+)))
You have tentacles for arms and can constrict up to eight enemies at once.


Message History

You start memorising the spell.
You continue memorising. x4
You finish memorising.
Spell assigned to 'b'.
Okay, then.
Okay, then.
This spell is astonishingly dangerous to cast!
You start memorising the spell.
You continue memorising. x2
You float gracefully downwards.
You continue memorising.
Your enlightenment fades.
You continue memorising.
You finish memorising.
Spell assigned to 'c'.
You don't currently have any unidentified items.
Unknown command.
You now have 90 gold pieces (gained 11).
Found a robe.
You now have 101 gold pieces (gained 11).
You open the door.
HP restored.
There is an open door here.
Found 7 stones.
Unknown command.
You see here 7 stones.
You open the door.
There is an open door here.
e - an emerald potion Unknown command.
You open the door.
There is an open door here.
You open the door.
Found a rapier.
There is an open door here.
You see here a +0 rapier.
You open the door.
A sleepcap comes into view.
Casting: Sting (safe; 3% risk of failure)
Confirm with . or Enter, or press ? or * to list all spells.
Aiming: Sting (safe; 3% risk of failure)
Press: ? - help, Shift-Dir - straight line, f - sleepcap
Aim: a sleepcap (100% to hit)
The sting hits the sleepcap.
The sleepcap partially resists.
The sleepcap is lightly damaged.
The sleepcap closely misses you.
Casting: Sting (safe; 3% risk of failure)
Confirm with . or Enter, or press ? or * to list all spells.
Aiming: Sting (safe; 3% risk of failure)
Press: ? - help, Shift-Dir - straight line, f/p - sleepcap
Aim: a sleepcap (lightly damaged, 100% to hit)
The sting hits the sleepcap.
The sleepcap partially resists.
The sleepcap is lightly damaged.
The sleepcap closely misses you.
You hit the sleepcap. You grab the sleepcap.
The sleepcap is moderately damaged.
You constrict the sleepcap, but do no damage.
The sleepcap closely misses you.
You hit the sleepcap.
The sleepcap is heavily damaged.
You constrict the sleepcap. The sleepcap releases spores at you.
You hit the sleepcap but do no damage.
The sleepcap is heavily damaged.
You constrict the sleepcap, but do no damage.
The sleepcap closely misses you.
You hit the sleepcap but do no damage.
You squeeze the sleepcap, but do no damage.
The sleepcap is heavily damaged.
You constrict the sleepcap. The sleepcap releases spores at you.
You are engulfed in a cloud of soporific spores!
You fall asleep.
You lose your grip on the sleepcap.
The sleepcap releases spores at you!!
You wake up.
Ouch! That really hurt!
* * * LOW HITPOINT WARNING * * *
You hit the sleepcap but do no damage. You grab the sleepcap.
The sleepcap is heavily damaged.
You constrict the sleepcap, but do no damage.
The sleepcap releases spores at you.
* * * LOW HITPOINT WARNING * * *
You are engulfed in a cloud of soporific spores!
You are unaffected.
You feel better.
You constrict the sleepcap, but do no damage.
The sleepcap releases spores at you.
* * * LOW HITPOINT WARNING * * *
It was a potion of haste.
You feel yourself speed up.
You constrict the sleepcap. The sleepcap misses you.
You hit the sleepcap but do no damage.
The sleepcap is heavily damaged.
You constrict the sleepcap, but do no damage.
You hit the sleepcap.
The sleepcap is heavily damaged.
You constrict the sleepcap. The sleepcap closely misses you.
You hit the sleepcap but do no damage.
The sleepcap is heavily damaged.
You constrict the sleepcap. The sleepcap releases spores at you.
* * * LOW HITPOINT WARNING * * *
You are engulfed in a cloud of soporific spores!
You fall asleep.
You lose your grip on the sleepcap.
The sleepcap releases spores at you!!
Ouch! That really hurt!
You die...

########
#####......#
...#......#
######.#......#
#.............#
#.....#..@....#
#.....###f#####
#.....# #..
#.....# ###.
#.....# #.
#.....# .#
+..)..# #
#.....# #.....#


You could see a sleepcap.

Vanquished Creatures
  A black bear (D:4)
  4 gnolls (D:3)
  An adder (D:3)
  A dart slug (D:1)
  2 orcs (D:3)
  A ball python (D:1)
  3 bats (D:1)
  2 endoplasms
  A goblin (D:3)
  2 hobgoblins
  2 kobolds
  A quokka (D:4)
  4 frilled lizards
25 creatures vanquished.

Notes
Turn   | Place    | Note
-------+----------+-------------------------------------------
     0 | D:1      | Flugslaktarn the Octopode Alchemist began the quest for the
                  | Orb.
     0 | D:1      | Reached XP level 1. HP: 11/11 MP: 3/3
   162 | D:1      | Reached XP level 2. HP: 16/17 MP: 0/5
   192 | D:2      | Found Wore's Weapon Boutique.
   290 | D:3      | Reached skill level 4 in Alchemy
   375 | D:3      | Reached XP level 3. HP: 21/21 MP: 4/6
   407 | D:3      | Reached XP level 4. HP: 20/27 MP: 0/8
   564 | D:4      | Noticed a black bear
   580 | D:4      | Killed a black bear
   581 | D:4      | Reached skill level 5 in Alchemy
   581 | D:4      | Reached XP level 5. HP: 6/31 MP: 6/9
   633 | D:4      | Learned a level 4 spell: Olgreb's Toxic Radiance
   638 | D:4      | Learned a level 4 spell: Sticky Flame
   784 | D:4      | Demolished by a sleepcap

Illustrated notes

Levels and vault maps discovered:
D:1:      amcnicky_arrival_underground_garden, layout_rooms, serial_shops, shop
D:2:      minmay_diamond_boxcup, layout_basic, serial_shops, shop,
          nicolae_ecumenical_pavilion
D:3:      layout_basic, mainiacjoe_overflow_alcove_2
D:4:      layout_basic, grunt_ministairs_2, hangedman_decor_peaks_small

Skill      XL: |  1  2  3  4 |
---------------+-------------+-----
Alchemy        | 4 5 |  5.7
Spellcasting   | 3 |  3.3
Dodging        | |  2.0
Stealth        | |  2.6
Conjurations   | |  1.0

Action                     |  1- 3 |  4- 6 || total
---------------------------+-------+-------++-------
  Melee: Unarmed           |     8 |       ||     8
         Constrict         |     8 |     4 ||    12
         Short sword       |    28 |    15 ||    43
         Tentacles         |     4 |     3 ||     7
   Cast: Sting             |    22 |     9 ||    31
    Use: Scroll            |     2 |     1 ||     3
         Potion            |     1 |     3 ||     4
 Armour: Skin              |    22 |    16 ||    38
  Dodge: Dodged            |    38 |    16 ||    54

Table legend: (Time is in decaauts)
 A = Elapsed time spent in this place.
 B = Non-inter-level travel time spent in this place.
 C = Inter-level travel time spent in this place.
 D = Time resting spent in this place.
 E = Time spent auto-exploring this place.
 F = Levels seen in this place.
 G = Mean time per level.
                   A        B        C        D        E       F      G
               +--------+--------+--------+--------+--------+-----+--------+
         Total |    781 |    719 |     62 |      0 |    408 |   4 |  195.2 |
       Dungeon |    781 |    719 |     62 |      0 |    408 |   4 |  195.2 |
               +--------+--------+--------+--------+--------+-----+--------+

Top non-repeatable levels by time:
     D:3: 281 daAuts
     D:4: 220 daAuts
     D:1: 191 daAuts
     D:2: 87 daAuts
